 Dungeon Crawl Stone Soup version 0.20-a0-893-g832831a (webtiles) character file.

431 polly the Skirmisher (level 7, -3/112 HPs)
             Began as an Ogre Berserker on Mar 16, 2017.
             Was a Believer of Trog.
             Slain by Edmund
             ... wielding a +4 flail of protection
              (7 damage)
             ... on level 4 of the Dungeon.
             The game lasted 00:04:33 (3364 turns).

polly the Skirmisher (Ogre Berserker)               Turns: 3364, Time: 00:04:34

Health: -3/112     AC:  5    Str: 31    XL:     7   Next: 0%
Magic:  7/7        EV: 11    Int:  8    God:    Trog [**....]
Gold:   10         SH:  0    Dex:  9    Spells: 6/6 levels left

rFire    . . .     SeeInvis .   s - -2 giant spiked club (curse)
rCold    . . .     Gourm    .   b - +0 animal skin
rNeg     . . .     Faith    .   (shield currently unavailable)
rPois    .         Spirit   .   e - +2 hat
rElec    .         Reflect  .   (no cloak)
rCorr    .         Harm     .   (gloves unavailable)
MR       +....                  (boots unavailable)
Stlth    ..........             v - amulet of magic regeneration
Regen    0.3/turn               u - ring of protection from magic
MPRegen  0.2/turn               q - +3 ring of strength

@: berserking (expiring), starving, very quick
A: unfitting armour, tough skin 1
a: Berserk, Trog's Hand, Burn Spellbooks, Renounce Religion


You were on level 4 of the Dungeon.
You worshipped Trog.
Trog was pleased with you.
You were starving.

You visited 1 branch of the dungeon, and saw 4 of its levels.

You collected 143 gold pieces.
You spent 133 gold pieces at shops.

Inventory:

Hand Weapons
 s - a cursed -2 giant spiked club (weapon)
Armour
 b - a +0 animal skin (worn)
 e - a +2 hat (worn)
Jewellery
 q - a +3 ring of strength (left hand)
 u - a ring of protection from magic (right hand)
 v - an amulet of magic regeneration (around neck)
Scrolls
 c - 2 scrolls of amnesia {unknown}
 g - 2 scrolls of magic mapping {unknown}
 h - a scroll of fog {unknown}
 l - a scroll of recharging {unknown}
 r - 2 scrolls of remove curse {unknown}
 w - a scroll of identify {unknown}
 x - a scroll of enchant weapon {unknown}
Potions
 a - a potion of berserk rage {unknown}
 d - 4 potions of curing {unknown}
 f - a potion of brilliance {unknown}
 i - a potion of cancellation {unknown}
 k - a potion of mutation {unknown}
 m - 2 potions of agility
 p - a potion of haste {unknown}
Books
 t - a book of Minor Magic

   Spells                             Type                      Level
   a - Magic Dart                     Conjuration                  1
   b - Blink                          Translocation                2
   c - Call Imp                       Summoning                    2
   d - Slow                           Hexes                        2
   e - Conjure Flame                  Conjuration/Fire             3
   f - Mephitic Cloud                 Conjuration/Poison/Air       3
   Trog disapproves of the use of such an item.
Comestibles
 j - 3 royal jellies
 n - 2 meat rations
 o - 2 bread rations


   Skills:
 + Level 6.1 Fighting
 + Level 5.3 Maces & Flails
 + Level 3.9 Dodging
 + Level 0.4 Stealth


You had 6 spell levels left.
You didn't know any spells.

Dungeon Overview and Level Annotations

Branches:
Dungeon (4/15)
 Temple: D:4-7

Altars:
Gozag
Ru
Trog
Uskayaw

Shops:
D:4 (*!

Annotations:
D:4 Edmund


Innate Abilities, Weirdness & Mutations

You are too large for most types of armour.
You have tough skin. (AC +1)


Message History

Edmund hits you with a flail of protection!
* * * LOW HITPOINT WARNING * * *
You barely miss Edmund.
Edmund is moderately wounded.
Edmund barely misses you.
You hit Edmund but do no damage.
Edmund is moderately wounded.
Edmund hits you with a flail of protection!
* * * LOW HITPOINT WARNING * * *
You closely miss Edmund.
Edmund is moderately wounded.
Edmund hits you with a flail of protection.
* * * LOW HITPOINT WARNING * * *
You closely miss Edmund.
Edmund is moderately wounded.
Edmund misses you.
You hit Edmund.
Edmund is moderately wounded.
Edmund hits you with a flail of protection!
You die...

................#
...###.####.###.#
...# #.# #.# #.##
.#.###.# #.# #..#
.#.....####.####.###
.######......#.....#
+## #.###..#.#.###
..## #.# #..#.._..#
...## #.# .#.###@#.#
....###.# # ##$@...#
.....##.. ###.###
.....+..( ...
.....#### ### ....##
.....# ..##..# +##
#.#


You could see Edmund.

Vanquished Creatures
  Sigmund (D:2)
  An ogre (D:3)
  An orc priest (D:3)
  Terence (D:2)
  A worker ant (D:3)
  4 adders
  An ooze (D:3)
  2 dart slugs (D:1)
  3 leopard geckos
  3 orcs (D:3)
  A ball python (D:3)
  10 bats
  4 giant cockroaches
  5 goblins
  5 hobgoblins
  3 jackals (D:3)
  4 quokkas (D:2)
  6 frilled lizards
  7 kobolds
  11 rats
74 creatures vanquished.

Notes
Turn   | Place    | Note
-------+----------+-------------------------------------------
     0 | D:1      | polly the Ogre Berserker began the quest for the Orb.
     0 | D:1      | Reached XP level 1. HP: 24/24 MP: 1/1
    83 | D:1      | Reached XP level 2. HP: 19/32 MP: 2/2
   695 | D:2      | Reached XP level 3. HP: 32/40 MP: 3/3
   827 | D:2      | Found a sacrificial altar of Ru.
  1005 | D:2      | Noticed Terence
  1022 | D:2      | Killed Terence
  1022 | D:2      | Reached XP level 4. HP: 7/49 MP: 4/4
  1076 | D:2      | Reached ** piety under Trog
  1283 | D:2      | Found a bloodstained altar of Trog.
  1621 | D:2      | Found a hide-covered altar of Uskayaw.
  1632 | D:2      | Noticed Sigmund
  1643 | D:2      | Killed Sigmund
  1643 | D:2      | Reached skill level 5 in Fighting
  1643 | D:2      | Reached XP level 5. HP: 20/57 MP: 5/5
  1643 | D:2      | Reached XP level 6. HP: 23/66 MP: 6/6
  2507 | D:3      | Reached skill level 5 in Maces & Flails
  3073 | D:3      | Reached skill level 6 in Fighting
  3076 | D:3      | Reached XP level 7. HP: 68/75 MP: 7/7
  3207 | D:4      | Found Gopsil's Distillery.
  3285 | D:4      | Found Dypod's Antique Weapon Emporium.
  3296 | D:4      | Found Eruengy's Assorted Antiques.
  3303 | D:4      | Bought a runed zirconium amulet for 95 gold pieces
  3303 | D:4      | Bought a scroll labeled CUUTUT WIELEM for 19 gold pieces
  3303 | D:4      | Bought a scroll labeled ZUVOPP UNEO for 19 gold pieces
  3331 | D:4      | Found an opulent altar of Gozag.
  3341 | D:4      | Noticed Edmund
  3362 | D:4      | HP: 4/112 [Edmund/flail of protection (4)]
  3364 | D:4      | Slain by Edmund

Vault maps used:
D:1:      minmay_arrival_checkered_box, minmay_misc_feat_four_crosses,
          kennysheep_flooded_box, serial_bayou_lagoon_a
D:2:      lemuel_round_altar, nicolae_overflow_crystal_walls, bloody_trog,
          patterned_corridor, uniq_sigmund, uniq_terence
D:3:      first_bread, corexii_corridor_pit
D:4:      nicolae_gozag_cash_rules_everything_around_me,
          grunt_temple_overflow_open, serial_shops, shop,
          nicolae_shop_waterfront, kennysheep_little_box, shop, shop,
          portal_sewer_entry_e, uniq_edmund, uniq_crazy_yiuf_cottage

Skill      XL: |  1  2  3  4  5  6 |
---------------+-------------------+-----
Maces & Flails | 3 4 5 |  5.3
Dodging        | 3 |  3.9
Fighting       | 5 6 |  6.1
Stealth        | |  0.4

Action                   |  1- 3 |  4- 6 |  7- 9 || total
-------------------------+-------+-------+-------++-------
Melee: Mace              |    86 |   172 |       ||   258
       Giant spiked club |       |       |    21 ||    21
Invok: Berserk           |     1 |     2 |     1 ||     4
  Eat: Bread ration      |       |     1 |       ||     1
       Chunk             |       |     5 |       ||     5
Armor: Animal skin       |    31 |    60 |     1 ||    92
Dodge: Dodged            |    39 |   116 |     7 ||   162
